 Dungeon Crawl Stone Soup version 0.25-a0-41-g6cf4ce537d (webtiles) character file.

Game seed: 304592513778089460, levelgen mode: deterministic

5 Gargoyl the Skirmisher (level 1, -3/19 HPs)
             Began as a Centaur Abyssal Knight on Oct 21, 2019.
             Was a Follower of Lugonu.
             Slain by a great orb of eyes (16 damage)
             ... on level 1 of the Abyss.
             The game lasted 00:00:46 (265 turns).

Gargoyl the Skirmisher (Centaur Abyssal Knight)      Turns: 265, Time: 00:00:47

Health: -3/19      AC:  4    Str: 14    XL:     1   Next: 66%
Magic:  0/2        EV:  9    Int: 11    God:    Lugonu [*.....]
Gold:   0          SH:  0    Dex:  8    Spells: 0/0 levels left

rFire    . . .     SeeInvis .   a - +1 hand axe
rCold    . . .     Gourm    .   (no shield)
rNeg     . . .     Faith    .   b - +0 leather armour
rPois    .         Spirit   .   (no helmet)
rElec    .         Reflect  .   (no cloak)
rCorr    .         Harm     .   (no gloves)
MR       .....                  (no barding)
Stlth    ..........             (no amulet)
HPRegen  0.00/turn              (no ring)
MPRegen  0.08/turn              (no ring)

@: non-regenerating, diseased, very quick
A: large, hooves 3, deformed body, speed 2, tough skin 3
a: Depart the Abyss, Renounce Religion


You were on level 1 of the Abyss.
You worshipped Lugonu.
Lugonu was aware of your devotion.
You were not hungry.

You visited 0 branches of the dungeon, and saw 0 of its levels.
You visited the Abyss 1 time.

Inventory:

Hand Weapons
 a - a +1 hand axe (weapon)
Armour
 b - a +0 leather armour (worn)
Comestibles
 c - 2 rations


   Skills:
 + Level 3.2 Fighting
 + Level 1.8 Axes
 + Level 1.4 Armour
 + Level 0.6 Dodging
 + Level 2.0 Invocations


You couldn't memorise any spells.
You didn't know any spells.
Your spell library was empty.

Dungeon Overview and Level Annotations

Branches:
Dungeon (0/15)

Altars:


Innate Abilities, Weirdness & Mutations

You have hooves in place of feet.
Armour fits poorly on your strangely shaped body.
You cover ground very quickly.
You have extremely tough skin. (AC +3)


Message History

You feel ill.
Found a gateway leading out of the Abyss.
A large abomination comes into view.
You feel ill.
Found a pair of boots.
The great orb of eyes gazes at you.
You are confused.
You bump into the stone wall.
You're too confused to move!
You bump into the stone wall.
The great orb of eyes gazes at you.
You feel your power leaking away.
You bump into the rock wall.
The great orb of eyes bites you.
You hit the great orb of eyes but do no damage.
You kick the great orb of eyes.
The great orb of eyes is lightly wounded.
You feel less confused. The great orb of eyes bites you!
Ouch! That really hurt!
You die...

.§ §# . .# .. .#..# ##
.#.#..# .## ...#.# . #.#
##.#...# .. ##.## #..
...# ..
#.#.###.#.##.#...#.## .#
.......@G...##.#........
......§##.#....#...#...
...#..## ### ###.#.. . .
. ..#. ## .## #..### ##
# . ...# .#.. . .# .
#..# # . #.#. ## # ##
#.# . . #. .#


You could see a great orb of eyes.

Vanquished Creatures
  An ufetubus (Abyss:1)
1 creature vanquished.

Vanquished Creatures (others)
  4 starspawn tentacles (Abyss:1)
4 creatures vanquished.

Grand Total: 5 creatures vanquished

Notes
Turn   | Place    | Note
-------+----------+-------------------------------------------
     0 | Abyss:1  | Gargoyl the Centaur Abyssal Knight began the quest for the
                  | Orb.
     0 | Abyss:1  | Reached XP level 1. HP: 19/19 MP: 2/2
    96 | Abyss:1  | Noticed a starcursed mass
   103 | Abyss:1  | Noticed a fire bat
   111 | Abyss:1  | Noticed a tentacled starspawn
   111 | Abyss:1  | Noticed a large abomination
   210 | Abyss:1  | Noticed an ancient zyme
   219 | Abyss:1  | Noticed a large abomination
   249 | Abyss:1  | Noticed a great orb of eyes
   265 | Abyss:1  | Slain by a great orb of eyes

Levels and vault maps discovered:
Abyss:1

Action                   || total
-------------------------++-------
Melee: Hand axe          ||     6
       Kick              ||     1
  Use: Potion            ||     1
Armor: Leather armour    ||     3
Dodge: Dodged            ||     3

Table legend:
 A = Non-vault XP
 B = Vault XP
 C = Vault XP percentage of total XP
 D = Non-vault monster count
 E = Vault monster count
 F = Vault count percentage of total count
                 A         B        C        D         E       F
            +---------+---------+-------+---------+---------+-------
      Total |       8 |       0 |   0.0 |       1 |       0 |   0.0
            +---------+---------+-------+---------+---------+-------
    Abyss:1 |       8 |       0 |   0.0 |       1 |       0 |   0.0
            +---------+---------+-------+---------+---------+-------
